AoeStats
← CENITRO

Arena

509883368Analyzed
1v1 RM · 3d ago on Sep 28, 2026· 92m 56s· 2 players
Game mode
Random Map
Map size
Tiny (2 player)
Population
200
Speed
Normal
Resources
Standard
Victory
Conquest
Starting age
Dark Age
Ending age
Imperial Age
RankedLock teamsTeams togetherTeam positionsShared explorationLock speedFull tech treeHidden civsTurbo modeCheats
Victory
Defeat
🇵🇪 Britons · Peru
719
+16
🇩🇪 Maya · Germany
711
-16
hishighness
0:30 Loom
14:22 Feudal Age
16:26 Double-Bit Axe
18:24 Wheelbarrow
20:46 Castle Age
20:24 Gold Mining
21:24 Eagle Warrior
22:07 Squires
22:10 Scale Mail Armor
22:21 Forging
22:54 Elite Skirmisher
29:46 Thumb Ring
39:46 Hand Cart
39:42 Arson
39:51 Town Watch
41:12 Bow Saw
44:27 Imperial Age
42:40 Ballistics
44:27 Stone Mining
49:39 Two-Man Saw
49:20 Horse Collar
50:37 Conscription
50:49 Holcans
50:20 Hul'che Javelineers
49:41 Elite Plumed Archer
50:58 Hoardings
53:31 Capped Ram
54:50 Siege Ram
55:02 Elite Eagle Warrior
56:37 Iron Casting
56:18 Chain Mail Armor
55:54 Fletching
56:04 Padded Archer Armor
57:08 Chemistry
59:52 Blast Furnace
59:22 Plate Mail Armor
58:48 Bodkin Arrow
65:21 Bracer
65:37 Leather Archer Armor
65:20 Murder Holes
65:36 Masonry
65:07 Treadmill Crane
70:26 Heavy Plow
72:17 Onager
75:07 Pikeman
80:18 Halberdier
CENITRO
11:33 Feudal Age
12:12 Double-Bit Axe
12:18 Horse Collar
19:41 Castle Age
21:25 Bow Saw
21:56 Wheelbarrow
21:45 Heavy Plow
24:02 Padded Archer Armor
27:42 Husbandry
27:50 Scale Barding Armor
27:49 Elite Skirmisher
29:06 Man-at-Arms
30:15 Gold Mining
31:25 Ballistics
31:09 Scale Mail Armor
32:07 Long Swordsman
32:33 Gambesons
32:48 Squires
34:37 Leather Archer Armor
34:13 Fletching
39:20 Imperial Age
37:56 Yeomen
37:34 Bodkin Arrow
39:17 Stone Mining
40:07 Gold Shaft Mining
39:49 Masonry
40:39 Conscription
40:25 Bracer
40:02 Two-Handed Swordsman
41:55 Champion
43:52 Elite Longbowman
45:36 Chemistry
44:57 Chain Mail Armor
46:39 Architecture
47:19 Siege Engineers
47:10 Murder Holes
50:52 Ring Archer Armor
52:23 Guilds
55:42 Hoardings
55:58 Plate Mail Armor
55:40 Forging
55:52 Chain Barding Armor
56:55 Sappers
57:26 Warwolf
58:07 Iron Casting
62:08 Heated Shot
62:29 Fortified Wall
62:58 Plate Barding Armor
63:24 Blast Furnace
63:32 Onager
63:34 Capped Ram
87:42 Hand Cart
86:54 Cavalier
Connection lost

Rejoining the realm…

Still unreachable

The connection could not be restored.

Session expired

The server has moved on; the page needs a fresh start.